 Dungeon Crawl Stone Soup version 0.18.1-48-g4cf74bf (console) character file.

83 flutterlice the Chiller (level 4, -1/33 HPs)
             Began as a Draconian Ice Elementalist on July 21, 2016.
             Slain by a gnoll (3 damage)
             ... on level 2 of the Dungeon.
             The game lasted 00:09:33 (2846 turns).

flutterlice the Chiller (DrIE)                      Turns: 2846, Time: 00:09:33

Health: -1/33      AC:  5    Str: 11    XL:     4   Next: 22%
Magic:  5/8        EV: 12    Int: 21    God:
Gold:   97         SH:  0    Dex: 11    Spells: 3 memorised, 2 levels left

rFire  . . .     SeeInvis .     c - +0 dagger (speed)
rCold  . . .     Gourm    .     (armour unavailable)
rNeg   . . .     Faith    .     (no shield)
rPois  .         Spirit   .     (helmet restricted)
rElec  .         Dismiss  .     (no cloak)
rCorr  .         Reflect  .     (no gloves)
SustAt .         Harm     .     (no boots)
MR     .....                    (no amulet)
Stlth  ++........               (no ring)
                                (no ring)

@: brilliant, very slightly contaminated, not resistant to hostile enchantments,
unstealthy
A: unfitting armour, cold-blooded, AC +5
a: no special abilities


You were on level 2 of the Dungeon.
You were not hungry.

You visited 1 branch of the dungeon, and saw 2 of its levels.

You collected 97 gold pieces.

Inventory:

Hand Weapons
 c - a +0 dagger of speed (weapon)
Jewellery
 b - a cursed ring of teleportation {unknown}
Scrolls
 d - a scroll of recharging
Potions
 h - a potion of invisibility {unknown}
 j - a potion of magic
Books
 a - a book of Frost

   Spells                             Type                      Level
   a - Freeze                         Ice                          1
   b - Throw Frost                    Conjuration/Ice              2
   c - Ozocubu's Armour               Charms/Ice                   3
   d - Throw Icicle                   Conjuration/Ice              4
   e - Summon Ice Beast               Ice/Summoning                4


   Skills:
 * Level 1.2 Short Blades
 + Level 2.0 Dodging
 * Level 2.5 Stealth
 + Level 2.6 Spellcasting
 + Level 1.0 Conjurations
 * Level 3.8 Ice Magic


You had 2 spell levels left.
You knew the following spells:

 Your Spells              Type           Power        Failure   Level  Hunger
a - Freeze                Ice            ####         1%          1    None
b - Throw Frost           Conj/Ice       ####..       1%          2    ##.....
c - Ozocubu's Armour      Chrm/Ice       ###.....     2%          3    ###....


Dungeon Overview and Level Annotations

Branches:
Dungeon (2/15)

Altars:
Gozag
Ru
Sif Muna


Innate Abilities, Weirdness & Mutations

Your plain brown scales are hard (AC +5).
Your body does not fit into most forms of armour.
You are cold-blooded and may be slowed by cold attacks.


Message History

The gnoll closely misses you.
You closely miss the gnoll.
The gnoll is heavily wounded.
The gnoll hits you with a club!
* * * LOW HITPOINT WARNING * * *
The gnoll hits you with a club.
* * * LOW HITPOINT WARNING * * *
Drink which item? (? for menu, Esc to quit)
Magic courses through your body. The gnoll closely misses you.
The gnoll hits you with a club.
* * * LOW HITPOINT WARNING * * *
Casting: Freeze
Confirm with . or Enter, or press ? or * to list all spells.
You miscast Ozocubu's Armour.
You feel uncomfortably cold. The gnoll hits you but does no damage.
Drink which item? (? for menu, Esc to quit)
It was a potion of brilliance.
You feel clever all of a sudden. The gnoll closely misses you.
The gnoll hits you.
You die...

......#.....#........#####.....#.
#.####......######......^........
..................).............#
...........#...###†..###........#
...............# #.....#........#
...............###.....#.......##
.................#.....#....#####
...........###...##....#.)......#
..####.÷...###..@##....###......#
................gg...............
............#.....#####.....##.##
#.................# #.....##.##
#.................# #(....##.##
#.................#########..#...
...###...........##.....####.#...
...# #...........##.....#........
...# #...........##.....#........


You could see 2 gnolls.

Vanquished Creatures
  An adder (D:2)
  A gnoll (D:2)
  2 oozes
  4 worms (D:2)
  3 giant geckos (D:2)
  A giant cockroach (D:1)
  4 hobgoblins
  9 jackals
  A quokka (D:2)
  A ball python (D:2)
  A bat (D:2)
  A giant newt (D:2)
  3 goblins
  7 kobolds
  2 rats (D:2)
41 creatures vanquished.

Notes
Turn   | Place    | Note
--------------------------------------------------------------
     0 | D:1      | flutterlice the Draconian Ice Elementalist began the quest for the Orb.
     0 | D:1      | Reached XP level 1. HP: 14/14 MP: 3/3
   339 | D:1      | Reached XP level 2. HP: 19/20 MP: 1/5
   368 | D:1      | Learned a level 2 spell: Throw Frost
  1034 | D:2      | Found an opulent altar of Gozag.
  1372 | D:2      | Reached XP level 3. HP: 13/26 MP: 0/6
  1651 | D:2      | Learned a level 3 spell: Ozocubu's Armour
  2122 | D:2      | Found a sacrificial altar of Ru.
  2391 | D:2      | Found a deep blue altar of Sif Muna.
  2482 | D:2      | Reached XP level 4. HP: 12/33 MP: 0/7
  2522 | D:2      | Reached skill level 1 in Short Blades
  2844 | D:2      | HP: 1/33 [gnoll/club (2)]
  2846 | D:2      | Slain by a gnoll

Skill      XL: |  1  2  3  4 |
---------------+-------------+-----
Stealth        | 2 |  2.5
Dodging        | 2 |  2.0
Short Blades   | 1 |  1.2
Spellcasting   | |  2.6
Conjurations   | |  1.0
Ice Magic      | |  3.8

Action                   |  1- 3 |  4- 6 || total
-------------------------+-------+-------++-------
Melee: Unarmed           |     9 |       ||     9
       Short sword       |    37 |     9 ||    46
       Tailslap          |     7 |     1 ||     8
       Dagger            |       |     4 ||     4
 Cast: Freeze            |    46 |    12 ||    58
       Throw Frost       |    21 |       ||    21
  Use: Scroll            |       |     4 ||     4
       Potion            |       |     2 ||     2
 Stab: Sleeping          |     1 |       ||     1
  Eat: Meat ration       |     1 |       ||     1
       Bread ration      |     1 |       ||     1
Armor: Skin              |    17 |     9 ||    26
Dodge: Dodged            |    44 |    30 ||    74
